 Dungeon Crawl Stone Soup version 0.24.0-125-gc4c63601f3 (webtiles) character file.

Game seed: 12557738335156760508, levelgen mode: deterministic

247 LraC the Slinger (level 6, -6/42 HPs)
             Began as a Halfling Hunter on Mar 9, 2020.
             Mangled by Crazy Yiuf
             ... wielding a +2 quarterstaff of chaos
              (12 damage)
             ... on level 2 of the Dungeon.
             The game lasted 00:13:00 (1781 turns).

LraC the Slinger (Halfling Hunter)                  Turns: 1781, Time: 00:13:01

Health: -6/42      AC:  4    Str: 13    XL:     6   Next: 33%
Magic:  6/6        EV: 14    Int: 10    God:
Gold:   129        SH:  0    Dex: 16    Spells: 5/5 levels left

rFire    + . .     SeeInvis .   k - +1 short sword (flame)
rCold    x . .     Gourm    .   (shield restricted)
rNeg     . . .     Faith    .   c - +0 leather armour
rPois    .         Spirit   .   i - +0 helmet
rElec    .         Reflect  .   (no cloak)
rCorr    .         Harm     .   (no gloves)
MR       .....                  (no boots)
Stlth    ++........             (no amulet)
HPRegen  0.14/turn              m - ring of fire
MPRegen  0.10/turn              (no ring)

@: lightly drained
A: small, mutation resistance 1
a: no special abilities


You were on level 2 of the Dungeon.
You were not hungry.

You visited 1 branch of the dungeon, and saw 2 of its levels.

You collected 129 gold pieces.

Inventory:

Hand Weapons
 a - a +2 hunting sling
 k - a +1 short sword of flaming (weapon)
 l - a +2 flail of crushing
 o - a cursed -3 hand axe
Missiles
 b - 16 arrows
 d - 42 sling bullets
 g - 47 stones (quivered)
 j - 12 poisoned darts
Armour
 c - a +0 leather armour (worn)
 i - a +0 helmet (worn)
Jewellery
 m - a ring of fire (left hand)
Scrolls
 h - 2 scrolls of teleportation
Potions
 e - 2 potions of brilliance
 n - a potion of curing
Comestibles
 f - 2 rations


   Skills:
 + Level 3.1(2.7) Fighting
 + Level 9.1(8.7) Slings
 + Level 1.0(0.7) Armour
 + Level 2.4(2.1) Dodging
 + Level 1.2(0.9) Stealth


You had 5 spell levels left.
You didn't know any spells.
Your spell library was empty.

Dungeon Overview and Level Annotations

Branches:
Dungeon (2/15)

Altars:
Cheibriados
Sif Muna
Xom

Annotations:
D:2 Crazy Yiuf


Innate Abilities, Weirdness & Mutations

You are small and have problems with some larger weapons.
You are somewhat resistant to further mutation.


Message History

Crazy Yiuf drinks a potion.
Crazy Yiuf seems to speed up.
Crazy Yiuf hits you with a +2 quarterstaff of chaos.
You hit Crazy Yiuf. You burn Crazy Yiuf.
Crazy Yiuf is severely wounded.
Crazy Yiuf grits, "Seed!
Proton tired tea."
Crazy Yiuf hits you but does no damage.
You hit Crazy Yiuf. You burn Crazy Yiuf.
Crazy Yiuf is almost dead.
Crazy Yiuf hits you with a +2 quarterstaff of chaos.
Crazy Yiuf yells, "Rot!"
Crazy Yiuf hits you with a +2 quarterstaff of chaos!
You feel drained.
You hit Crazy Yiuf. You burn Crazy Yiuf.
Crazy Yiuf is almost dead.
Crazy Yiuf hits you with a +2 quarterstaff of chaos!
* * * LOW HITPOINT WARNING * * *
You hit Crazy Yiuf but do no damage.
Crazy Yiuf is almost dead.
Crazy Yiuf hits you with a +2 quarterstaff of chaos!
You die...

##### ♣♣♣♣♣##########
####...# ###
♣♣♣.♣....##...... #
#......#
#...#♣..♣......#.#####
###.##.###
#..(g@♣♣♣♣.........###
.##.##.### #)..#♣♣
♣♣P.....#....
.........# ###
♣♣####...###
.##.##.### #.)## #
###.##.# #..# # #
#.##.## ###########
#..# #.##..#
#...##.##.# #..#
#.###.# ##..#.###.#
#..# #.# #.# #.#.##
#.#### #..#


You could see Crazy Yiuf.

Vanquished Creatures
  Sigmund (D:2)
  3 adders (D:2)
  2 oozes (D:1)
  4 worms (D:2)
  An orc (D:2)
  2 giant cockroaches (D:1)
  7 goblins
  6 hobgoblins
  5 bats
  A frilled lizard (D:2)
  6 kobolds
  A rat (D:2)
39 creatures vanquished.

Notes
Turn   | Place    | Note
-------+----------+-------------------------------------------
     0 | D:1      | LraC the Halfling Hunter began the quest for the Orb.
     0 | D:1      | Reached XP level 1. HP: 14/14 MP: 1/1
    47 | D:1      | Reached skill level 6 in Slings
    63 | D:1      | Reached XP level 2. HP: 19/19 MP: 2/2
   424 | D:1      | Reached XP level 3. HP: 24/24 MP: 3/3
   907 | D:2      | Found a snail-covered altar of Cheibriados.
   924 | D:2      | Reached skill level 7 in Slings
  1166 | D:2      | Reached XP level 4. HP: 29/29 MP: 4/4
  1330 | D:2      | Found a shimmering altar of Xom.
  1472 | D:2      | Found a runed translucent door.
  1473 | D:2      | Noticed Crazy Yiuf
  1563 | D:2      | Noticed Sigmund
  1570 | D:2      | Killed Sigmund
  1570 | D:2      | Reached skill level 9 in Slings
  1570 | D:2      | Reached skill level 1 in Armour
  1570 | D:2      | Reached XP level 5. HP: 36/36 MP: 5/5
  1570 | D:2      | Reached XP level 6. HP: 42/42 MP: 6/6
  1585 | D:2      | Found a shimmering blue altar of Sif Muna.
  1781 | D:2      | Mangled by Crazy Yiuf

Levels and vault maps discovered:
D:1:      dpeg_arrival_line_fractal, layout_basic
D:2:      layout_loops_ring, lemuel_blue_sif_altar, old_standard_altar, tgw_xom,
          uniq_sigmund, uniq_crazy_yiuf_cottage

Skill      XL: |  1  2  3  4 |
---------------+-------------+-----
Slings         | 6 7 9 |  9.1
Fighting       | 2 3 |  3.1
Armour         | 1 |  1.0
Dodging        | |  2.4
Stealth        | |  1.2

Action                   |  1- 3 |  4- 6 || total
-------------------------+-------+-------++-------
Melee: Short sword       |       |     7 ||     7
 Fire: Hunting sling     |    80 |    40 ||   120
  Use: Potion            |     4 |     1 ||     5
       Scroll            |     3 |     1 ||     4
  Eat: Ration            |     1 |       ||     1
Armor: Leather armour    |     4 |     2 ||     6
Dodge: Dodged            |    16 |     5 ||    21
